 Dungeon Crawl Stone Soup version 0.29-a0-371-g91724d5b39 (webtiles) character file.

Game seed: 9259944960243182080

37 Colgate the Sneak (level 3, 0/21 HPs)
             Began as a Kobold Brigand on May 3, 2022.
             Was a High Priest of Ignis.
             Slain by a kobold
             ... wielding a +0 dagger
              (2 damage)
             ... on level 4 of the Dungeon.
             The game lasted 00:02:20 (1986 turns).

Colgate the Sneak (Kobold Brigand)                  Turns: 1986, Time: 00:02:21

Health: 0/21       AC:  3    Str:  8    XL:     3   Next: 62%
Magic:  3/3        EV: 14    Int: 12    God:    Ignis [*****.]
Gold:   27         SH:  0    Dex: 18    Spells: 2/2 levels left

rFire   + . .      SeeInvis .   a - +0 dagger (vamp)
rCold   . . .      Faith    .   (no shield)
rNeg    . . .      Spirit   .   h - +0 robe
rPois   .          Reflect  .   (no helmet)
rElec   .          Harm     .   c - +0 cloak
rCorr   .          Rampage  .   (no gloves)
Will    .....                   (no boots)
Stlth   ++++......              (no amulet)
HPRegen 0.07/turn               (no ring)
MPRegen 0.08/turn               (no ring)

@: no status effects
A: small, no large weapons, nightstalker 3
a: Renounce Religion, Fiery Armour, Foxfire Swarm, Rising Flame


You were on level 4 of the Dungeon.
You worshipped Ignis.
Ignis was extremely pleased with you.
You visited 1 branch of the dungeon, and saw 3 of its levels.

You collected 27 gold pieces.

Inventory:

Hand Weapons
 a - a +0 vampiric dagger (weapon)
 b - a +2 dagger
 n - a +2 dagger of pain
 r - a +0 short sword
Missiles
 d - 9 poisoned darts (quivered)
 e - 3 curare-tipped darts
Armour
 c - a +0 cloak (worn)
 h - a +0 robe (worn)
 q - a +0 helmet
Scrolls
 f - a scroll of teleportation {@r3}
 j - a scroll of acquirement {unknown}
 m - a scroll of enchant armour {unknown}
Potions
 g - a potion of lignification
 i - a potion of invisibility
 k - a potion of haste {unknown}
 l - a potion of might {unknown}
 o - a potion of heal wounds {unknown}
 p - a potion of cancellation {unknown}
 s - a potion of berserk rage {unknown}


   Skills:
 - Level 2.1 Fighting
 + Level 5.0 Short Blades
 - Level 2.1 Throwing
 - Level 1.2 Dodging
 - Level 5.3 Stealth


You had 2 spell levels left.
You didn't know any spells.
Your spell library was empty.

Dungeon Overview and Level Annotations

Branches:
Dungeon (2/15)

Altars:
Ignis


Innate Abilities, Weirdness & Mutations

You are small and have problems with some larger weapons.
You are completely attuned to the shadows.


Message History

The orc misses you. The kobold hits you with a +0 dagger.
You closely miss the orc. You closely miss the orc. The orc misses you.
The kobold closely misses you.
You closely miss the orc. The orc closely misses you.
The kobold closely misses you.
You barely miss the orc. The orc hits you with a +0 short sword.
The kobold hits you with a +0 dagger.
* * * LOW HITPOINT WARNING * * *
You barely miss the orc. You barely miss the orc. The orc barely misses you.
The kobold hits you but does no damage.
The kobold shouts!
You hit the orc. The orc completely misses you. The kobold closely misses you.
You hit the orc.
You kill the orc!
Your Short Blades skill increases to level 5!
Found a scroll of identify.
The kobold misses you.
Things that are here:
a +0 short sword; a +0 leather armour; an orc corpse The kobold completely misses you.
You hit the bush but do no damage. The kobold barely misses you.
The kobold hits you but does no damage.
You hit the bush but do no damage. The kobold closely misses you.
The kobold hits you but does no damage.
You hit the bush but do no damage. The kobold barely misses you.
The kobold hits you with a +0 club.
* * * LOW HITPOINT WARNING * * *
You hit the bush. You hit the bush but do no damage.
The kobold hits you but does no damage. The kobold barely misses you.
You hit the bush but do no damage. The kobold barely misses you. x2
You hit the bush but do no damage. The kobold barely misses you.
The kobold hits you but does no damage.
You hit the bush but do no damage. You hit the bush but do no damage.
The kobold hits you with a +0 club.
* * * LOW HITPOINT WARNING * * *
The kobold hits you with a +0 dagger.
* * * LOW HITPOINT WARNING * * *
You hit the bush but do no damage. The kobold hits you with a +0 dagger.
You die...

#......#....#
###.###....#
#..........#
#.
#.>#...###..#
#.###.##....#
...
.......####..#
......#... ...
#..KK.....
#..♣@.....
#..♣PP.PP #.


.PP.PP .. ?.. ... PP You could see 2 kobolds.

Vanquished Creatures
  An adder (D:2)
  An orc (D:4)
  A ball python (D:1)
  5 endoplasms
  A giant cockroach (D:1)
  3 goblins
  2 hobgoblins (D:1)
  4 jackals (D:1)
  A quokka (D:1)
  2 frilled lizards (D:1)
  2 rats (D:1)
23 creatures vanquished.

Notes
Turn   | Place    | Note
-------+----------+-------------------------------------------
     0 | D:1      | Colgate the Kobold Brigand began the quest for the Orb.
     0 | D:1      | Reached XP level 1. HP: 12/12 MP: 1/1
    93 | D:1      | Found a faded altar of an unknown god.
   100 | D:1      | Prayed at the altar of an unknown god.
   100 | D:1      | Became a worshipper of Ignis, the Dying Flame
   188 | D:1      | Reached XP level 2. HP: 17/17 MP: 2/2
  1356 | D:1      | Reached XP level 3. HP: 14/21 MP: 3/3
  1939 | D:2      | You fall into a shaft and drop 2 floors!
  1975 | D:4      | Reached skill level 5 in Short Blades
  1985 | D:4      | HP: 1/21 [kobold/+0 dagger (1)]
  1986 | D:4      | Slain by a kobold

Illustrated notes

Levels and vault maps discovered:
D:1:      lemuel_arrival_cross, layout_basic, hellmonk_ecumenical_altar_zigzags
D:2:      layout_basic
D:4:      layout_cave_pools, mainiacjoe_overflow_alcove_2, serial_park,
          serial_park_avenue1, serial_park_tiny_1, serial_park_tiny_pond,
          serial_park_square3 [serial_park_minivault_5x5_8], minmay_distorted

Skill      XL: |  1  2  3 |
---------------+----------+-----
Short Blades   | 3 4 5 |  5.0
Fighting       | |  2.1
Throwing       | |  2.1
Dodging        | |  1.2
Stealth        | |  5.3

Action                   || total
-------------------------++-------
Melee: Dagger            ||    78
       Punch             ||     1
  Use: Scroll            ||     3
 Stab: Sleeping          ||    13
Armor: Robe              ||    19
Dodge: Dodged            ||    42

Table legend: (Time is in decaauts)
 A = Elapsed time spent in this place.
 B = Non-inter-level travel time spent in this place.
 C = Inter-level travel time spent in this place.
 D = Time resting spent in this place.
 E = Time spent auto-exploring this place.
 F = Levels seen in this place.
 G = Mean time per level.
                   A        B        C        D        E       F      G
               +--------+--------+--------+--------+--------+-----+--------+
         Total |   1970 |   1806 |    164 |      0 |   1610 |   3 |  656.7 |
       Dungeon |   1970 |   1806 |    164 |      0 |   1610 |   3 |  656.7 |
               +--------+--------+--------+--------+--------+-----+--------+

Top non-repeatable levels by time:
     D:1: 1788 daAuts
     D:2: 141 daAuts
     D:4: 40 daAuts
